 Dungeon Crawl Stone Soup version 0.22-a0-362-g535178c (webtiles) character file.

3221 Serpenta the Cleaver (level 9, 0/65 HPs)
             Began as a Mummy Chaos Knight on Apr 20, 2018.
             Slain by a wolf (7 damage)
             ... led by Grum
             ... on level 8 of the Dungeon.
             The game lasted 00:19:24 (9466 turns).

Serpenta the Cleaver (Mummy Chaos Knight)           Turns: 9466, Time: 00:19:25

Health: 0/65       AC:  8    Str: 17      XL:     9   Next: 66%
Magic:  13/13      EV:  9    Int: 12      God:    Xom [..*...]
Gold:   449        SH:  0    Dex:  6 (12) Spells: 8/8 levels left

rFire    + . .     SeeInvis .   a - +1 hand axe (chaos)
rCold    . . .     Gourm    .   (no shield)
rNeg     + + +     Faith    .   p - +2 scale mail {rF+}
rPois    ∞         Spirit   .   (no helmet)
rElec    .         Reflect  .   (no cloak)
rCorr    .         Harm     .   (no gloves)
MR       +....                  (no boots)
Stlth    ..........             (no amulet)
HPRegen  0.20/turn              (no ring)
MPRegen  0.13/turn              o - ring of fire

@: no status effects
A: no food or potions, fire vulnerability, cold resistance 1, negative energy
resistance 3, torment resistance, unbreathing
a: Renounce Religion


You were on level 8 of the Dungeon.
You worshipped Xom.
You were a toy of Xom.
You were not hungry.

You visited 1 branch of the dungeon, and saw 8 of its levels.
You also visited: Sewer.

You collected 449 gold pieces.


Innate Abilities, Weirdness & Mutations

You do not eat or drink.
Your flesh is vulnerable to fire.
You are immune to poison.
Your flesh is cold resistant. (rC+)
You are immune to negative energy. (rN+++)
You are immune to unholy pain and torment.
You can survive without breathing.


   Skills:
 - Level 4.0 Fighting
 + Level 9.6 Axes
 - Level 1.5 Armour
 - Level 0.7 Dodging
 - Level 6.2 Evocations


You had 8 spell levels left.
You didn't know any spells.

Action                   |  1- 3 |  4- 6 |  7- 9 || total
-------------------------+-------+-------+-------++-------
Melee: Hand axe          |    69 |   215 |   350 ||   634
Throw: Javelin           |       |     3 |       ||     3
Evoke: Wand              |       |       |    33 ||    33
  Use: Scroll            |       |     8 |     7 ||    15
 Stab: Confused          |       |     1 |     1 ||     2
       Petrified         |       |     5 |       ||     5
       Petrifying        |       |     1 |       ||     1
       Paralysed         |       |       |     2 ||     2
       Distracted        |       |       |     1 ||     1
Armor: Leather armour    |    18 |    72 |    28 ||   118
       Scale mail        |       |       |   220 ||   220
Dodge: Dodged            |    43 |   137 |   119 ||   299

Inventory:

Hand Weapons
 a - a +1 hand axe of chaos (weapon)
 c - a +0 war axe
 n - a +2 scimitar of flaming
Missiles
 l - 3 javelins (quivered)
 m - a throwing net
Armour
 p - a +2 scale mail of fire resistance (worn)
Jewellery
 i - an uncursed ring of flight
 o - a ring of fire (right hand)
Wands
 e - a wand of flame (31)
Scrolls
 b - 2 scrolls of identify
 d - 3 scrolls of remove curse
 f - 3 scrolls of fog
 g - 2 scrolls of enchant armour
 h - 2 scrolls of amnesia
 j - 3 scrolls of magic mapping
 k - 5 scrolls of teleportation

......##...##.##...##.........#
......#_..........._#.........# #
#..!..##...##⌠##...##.........###
#......##⌠#######⌠##.......#..##.
..#########.....###...[........#.
..# #...................#. ..#
##....†%............#. ..#
####### ##...........##....#. ..#
#....>#####h@#......####...## ..#
#.......##.)####...#######..# ..#
#..........## #####....8.8.. ..#
#...........## #.......... ..#
#............## #.....8.8.. ..#
#.............#####.......... ..#
#............###....⌠.⌠......
..###...........##......._.......
).......!...............⌠.⌠....##


You could see a wolf.

Vanquished Creatures
  Erica (D:8)
  3 slaves (D:6)
  2 ogres (D:5)
  A phantom (D:8)
  A wolf (D:8)
  2 centaurs
  3 bullfrogs
  A scorpion (D:4)
  A howler monkey (D:4)
  2 crimson imps
  A bullfrog zombie (D:5)
  A centaur zombie (D:5)
  2 orc priests
  A bullfrog skeleton (D:7)
  5 hounds
  A quasit (D:6)
  A hound (shapeshifter) (D:8)
  3 worker ants
  4 orc wizards
  2 howler monkey skeletons (D:8)
  A howler monkey zombie (D:7)
  13 adders
  5 river rats
  3 oozes
  An adder zombie (D:6)
  A worm (D:2)
  2 dart slugs
  20 orcs
  5 bats
  6 giant cockroaches
  7 goblins
  5 jackals
  7 kobolds
  2 quokkas
  10 ball pythons (Sewer)
  6 frilled lizards
  2 leopard gecko zombies
  A quokka skeleton (D:7)
  28 rats
163 creatures vanquished.

Vanquished Creatures (collateral kills)
  Pikel (D:6)
  An ice beast (D:5)
  A slave (D:6)
  An ogre (D:7)
  A centaur (D:5)
  A howler monkey (D:4)
  A jelly (D:7)
  An iguana (D:4)
  A worker ant (D:4)
  An orc wizard (D:6)
  A worker ant zombie (D:8)
  An adder (D:6)
  3 gnolls (D:4)
  6 orcs
  A leopard gecko zombie (D:6)
22 creatures vanquished.

Vanquished Creatures (others)
  A wyvern (D:8)
  An orc warrior (D:7)
  A sky beast (D:7)
  An ogre (D:6)
  A human (D:2)
  A dart slug (D:1)
6 creatures vanquished.

Grand Total: 191 creatures vanquished

Vault maps used:
D:1:      grunt_arrival_crossed_arrows, hangedman_decor_growths,
          serial_bayou_ford_a
D:2:      cheibrodos_old_hovel, tgw_kikubaaqudgha
D:4:      portal_sewer_entry_c, first_ration
D:5:      okawaru_gym_becter, nicolae_overflow_hidden_temple,
          minmay_temple_entry_fiery, grunt_ministairs_14
D:6:      basic_altar, serial_undead, serial_undead_c, serial_undead_d,
          serial_undead_c, serial_undead_b, serial_undead_d, serial_undead_c,
          uniq_pikel
D:7:      nicolae_dithmenos_the_darkroom, dk_noncrumbling_3, uniq_prince_ribbit1
D:8:      nemelex_xobeh_ov_fountains_minmay, overflow_temple_1_default,
          amethyst_overflow_temple_binary, serial_column_ruins,
          column_ruins_hut_ruined, column_ruins_hut,
          column_ruins_corridor_water, column_ruins_open_medium,
          column_ruins_grid_3, column_ruins_corridor_straight,
          column_ruins_corridor_corner, uniq_grum, uniq_erica
Sewer:    sewer_minmay_w


Message History

The wolf is heavily wounded.
The wolf closely misses you.
Evoke which item? (* to show all) (? for menu, Esc to quit)
Aiming: Throw Flame
Press: ? - help, Shift-Dir - straight line, f/p - wolf
Aim: a wolf (heavily wounded)
The puff of flame hits the wolf.
The wolf is severely wounded.
The wolf bites you but does no damage. The wolf bites you.
* * * LOW HITPOINT WARNING * * *
Evoke which item? (* to show all) (? for menu, Esc to quit)
Aiming: Throw Flame
Press: ? - help, Shift-Dir - straight line, f/p - wolf
Aim: a wolf (severely wounded)
The puff of flame hits the wolf.
The wolf is almost dead.
The wolf bites you.
* * * LOW HITPOINT WARNING * * *
The wolf bites you!
You die...

Notes
Turn   | Place    | Note
-------+----------+-------------------------------------------
     0 | D:1      | Serpenta the Mummy Chaos Knight began the quest for the Orb.
     0 | D:1      | Reached XP level 1. HP: 18/18 MP: 1/1
   209 | D:1      | Reached skill level 3 in Axes
   209 | D:1      | Reached XP level 2. HP: 24/24 MP: 2/2
   295 | D:1      | XOM: harmless Necr miscast
   462 | D:1      | XOM: silly message
   739 | D:2      | Reached XP level 3. HP: 26/29 MP: 3/3
   866 | D:2      | Found an ancient bone altar of Kikubaaqudgha.
   867 | D:2      | Noticed a human
   871 | D:2      | Killed a human
   914 | D:2      | XOM: medium Air miscast
  1175 | D:2      | Reached skill level 4 in Axes
  1218 | D:2      | Reached XP level 4. HP: 29/35 MP: 4/4
  1617 | D:2      | XOM: god gift: 43 gold pieces {god gift}
  1700 | D:2      | XOM is BORED!
  1846 | D:3      | XOM: harmless Summ miscast
  2831 | D:4      | Reached XP level 5. HP: 41/41 MP: 5/5
  2885 | D:4      | XOM: cast spell 'Leda's Liquefaction'
  2895 | D:4      | Reached skill level 5 in Axes
  2909 | D:4      | Found a glowing drain.
  3060 | Sewer    | Entered a sewer
  3093 | Sewer    | XOM: 3-stop teleportation journey
  3290 | Sewer    | Reached XP level 6. HP: 27/47 MP: 6/6
  3422 | Sewer    | XOM: mild Erth miscast
  3583 | Sewer    | XOM: mild Tloc miscast
  3859 | Sewer    | Reached skill level 6 in Axes
  3862 | Sewer    | XOM: divination: detect creatures
  3901 | Sewer    | XOM: cloud trail
  4158 | D:4      | XOM: god gift: 17 gold pieces {god gift}
  4244 | D:4      | XOM: summons 6 friendly demons
  4248 | D:4      | Reached XP level 7. HP: 50/52 MP: 7/7
  4426 | D:3      | XOM: god gift: ration {god gift}
  4507 | D:4      | XOM: 1-stop teleportation journey
  5004 | D:5      | Entered Level 5 of the Dungeon
  5005 | D:5      | XOM: potion effect (brilliance)
  5023 | D:4      | Reached skill level 1 in Evocations
  5025 | D:4      | Reached skill level 7 in Axes
  5193 | D:5      | XOM: polymorph worker ant -> river rat
  5279 | D:5      | XOM: scenery: 1 doors open
  5349 | D:5      | Noticed a blink frog
  5349 | D:5      | a big kobold changed into a blink frog
  5353 | D:5      | Noticed a polar bear
  5353 | D:5      | a blink frog changed into a polar bear
  5357 | D:5      | Noticed a black mamba
  5357 | D:5      | a polar bear changed into a black mamba
  5393 | D:5      | XOM: god gift: 20 gold pieces {god gift}
  5406 | D:5      | Reached XP level 8. HP: 55/60 MP: 9/9
  5459 | D:5      | XOM: smoke on damage
  5842 | D:4      | XOM: god gift: club {god gift}
  5913 | D:5      | XOM: summons 3 friendly demons
  6199 | D:5      | Found an iron altar of Okawaru.
  6457 | D:5      | Noticed a dire elephant
  6459 | D:5      | XOM: summons 8 friendly demons
  6464 | D:5      | XOM: god gift: runed scale mail {god gift}
  6595 | D:6      | XOM: confuse monster(s)
  6712 | D:6      | Noticed Pikel
  6713 | D:6      | XOM: scenery: create altars
  6733 | D:6      | Killed Pikel
  6733 | D:6      | Reached skill level 8 in Axes
  6894 | D:6      | Found a glowing golden altar of the Shining One.
  6998 | D:6      | Lost dexterity.
  7774 | D:7      | XOM: stat loss: -1 Int (11/12)
  7871 | D:7      | XOM: harmless Erth miscast
  8045 | D:7      | XOM: mild Tloc miscast
  8143 | D:7      | XOM: harmless Chrm miscast
  8176 | D:7      | Reached XP level 9. HP: 60/65 MP: 12/12
  8210 | D:7      | XOM: medium Ice miscast
  8232 | D:7      | XOM: mild Fire miscast
  8255 | D:7      | Found a shadowy altar of Dithmenos.
  8259 | D:7      | Noticed Prince Ribbit
  8296 | D:8      | Lost dexterity.
  8299 | D:8      | wtf
  8414 | D:8      | Found a hazy altar of Hepliaklqana.
  8414 | D:8      | Found a burning altar of Makhleb.
  8454 | D:8      | Reached skill level 5 in Evocations
  8485 | D:8      | XOM: 2-stop teleportation journey
  8496 | D:8      | XOM: confusion (+ monsters)
  8676 | D:8      | Noticed Grum
  8763 | D:8      | XOM: cloud trail
  8770 | D:8      | XOM: harmless Fire miscast
  8844 | D:8      | Found an ornate altar of the Wu Jian Council.
  8848 | D:8      | XOM: noise
  8916 | D:8      | Noticed Erica
  8953 | D:8      | Killed Erica
  8953 | D:8      | Reached skill level 9 in Axes
  8981 | D:8      | XOM: noise
  9040 | D:8      | XOM: harmless Tmut miscast
  9043 | D:8      | XOM: medium Tmut miscast
  9264 | D:8      | Found a sparkling altar of Nemelex Xobeh.
  9302 | D:8      | XOM: confusion (+ monsters)
  9312 | D:8      | XOM: summons 7 friendly demons
  9439 | D:8      | XOM: enchant monster (good)
  9450 | D:8      | Grum changed into Grum the hound
  9466 | D:8      | Slain by a wolf
